AoeStats
← 从不压堡之人

Arena

509633587Analyzed
4v4 RM · 5d ago on Sep 27, 2026· 40m 9s· 8 players
Game mode
Random Map
Map size
Large (8 player)
Population
200
Speed
Normal
Resources
Standard
Victory
Conquest
Starting age
Dark Age
Ending age
Imperial Age
RankedLock teamsTeams togetherTeam positionsShared explorationLock speedFull tech treeHidden civsTurbo modeCheats
Victory
Defeat
🇨🇳 Portuguese · China
1044
+15
🇨🇳 Spanish · China
1042
+15
1009
+16
🇦🇷 Celts · Argentina
1034
-16
🇵🇪 Spanish · Peru
1021
-15
🇨🇳 Mongols · China
1017
-15
🇹🇼 Varangians · Taiwan
1013
-15
LORD PETER
7:21 Loom
10:09 Feudal Age
16:41 Castle Age
14:30 Double-Bit Axe
15:56 Horse Collar
20:00 Heavy Plow
25:08 Ballistics
31:27 Town Watch
36:57 Bow Saw
38:45 Light Cavalry
39:36 Bloodlines
41:59 Imperial Age
40:04 Stone Mining
40:04 Gold Mining
40:40 Masonry
40:27 Murder Holes
auuuustyn
11:20 Feudal Age
15:03 Castle Age
13:22 Double-Bit Axe
13:21 Horse Collar
24:09 Wheelbarrow
24:39 Bow Saw
24:34 Heavy Plow
24:54 Gold Mining
24:54 Stone Mining
28:52 Imperial Age
26:31 Stone Mining
26:45 Vendel Legacy
27:37 Scale Barding Armor
28:24 Bloodlines
28:15 Husbandry
29:03 Stone Shaft Mining
28:45 Forging
29:29 Chain Barding Armor
29:19 Elite Jarl
29:39 Light Cavalry
31:00 Iron Casting
31:41 Hand Cart
31:13 Loom
31:13 Town Watch
32:37 Plate Barding Armor
32:55 Conscription
33:59 Blast Furnace
33:55 Crop Rotation
34:27 Two-Man Saw
33:40 Hussar
35:10 Cavalier
36:44 Fletching
36:55 Padded Archer Armor
Luke Vickerry
11:12 Feudal Age
15:14 Castle Age
_xy_2252
2:33 Loom
10:07 Feudal Age
11:30 Wheelbarrow
14:11 Castle Age
12:23 Double-Bit Axe
13:10 Horse Collar
20:29 Hand Cart
20:33 Town Watch
21:35 Gold Mining
23:07 Gold Shaft Mining
24:11 Stone Mining
26:38 Town Patrol
26:47 Heavy Plow
29:49 Imperial Age
28:43 Stone Shaft Mining
28:13 Padded Archer Armor
28:04 Fletching
28:31 Bow Saw
28:50 Ballistics
29:33 Leather Archer Armor
31:02 Bodkin Arrow
32:14 Chemistry
32:16 Bracer
34:25 Elite Mangudai
35:33 Conscription
35:33 Drill
38:05 Parthian Tactics
37:46 Thumb Ring
39:54 Herbal Medicine
洗心革面重新做人TownYan
10:03 Feudal Age
11:23 Double-Bit Axe
13:44 Castle Age
12:09 Horse Collar
15:08 Wheelbarrow
19:43 Bow Saw
20:21 Heavy Plow
21:42 Hand Cart
22:02 Gold Mining
22:31 Stone Mining
23:36 Gold Shaft Mining
23:17 Town Watch
24:38 Stone Shaft Mining
24:03 Loom
28:00 Imperial Age
26:08 Scale Mail Armor
26:18 Forging
27:20 Chain Mail Armor
27:50 Arson
28:59 Iron Casting
29:17 Plate Mail Armor
29:11 Conscription
28:11 Elite Woad Raider
30:33 Blast Furnace
29:45 Siege Engineers
30:10 Ballistics
30:49 Furor Celtica
30:40 Heavy Scorpion
31:22 Onager
33:06 Hoardings
33:32 Chemistry
32:49 Fletching
32:57 Murder Holes
33:14 Masonry
33:18 Fortified Wall
35:05 Onager
35:56 Caravan
36:21 Masonry
36:44 Bodkin Arrow
37:08 Capped Ram
38:46 Siege Ram
从不压堡之人
10:13 Feudal Age
11:52 Double-Bit Axe
14:20 Castle Age
12:21 Horse Collar
14:48 Wheelbarrow
15:32 Town Watch
18:56 Bow Saw
21:02 Heavy Plow
21:00 Loom
25:37 Hand Cart
26:14 Fletching
27:11 Bodkin Arrow
28:06 Ballistics
27:27 Treadmill Crane
31:49 Imperial Age
30:11 Caravan
30:43 Circumnavigation
30:37 Gold Mining
30:37 Stone Mining
32:00 Stone Shaft Mining
31:00 Crossbowman
31:45 Thumb Ring
32:19 Padded Archer Armor
31:52 Arbalester
32:33 Bracer
33:37 Chemistry
32:50 Guilds
33:32 Leather Archer Armor
35:34 Siege Engineers
36:31 Two-Man Saw
35:14 Elite Organ Gun
36:15 Conscription
37:42 Masonry
37:54 Bombard Tower
38:19 Ring Archer Armor
39:49 Arquebus
我说狂阿七比肥龙强,B站关注狂阿七谢谢喵
9:51 Feudal Age
10:48 Double-Bit Axe
13:43 Castle Age
12:30 Horse Collar
14:48 Bow Saw
19:47 Wheelbarrow
23:36 Hand Cart
23:48 Gold Mining
25:08 Gold Shaft Mining
28:15 Imperial Age
25:32 Loom
25:33 Town Watch
25:33 Treadmill Crane
26:29 Scale Mail Armor
26:40 Forging
26:33 Stone Mining
27:21 Ballistics
26:53 Fletching
27:18 Chain Mail Armor
27:14 Squires
26:59 Arson
27:00 Gambesons
28:06 Sanctity
27:10 Clerical Recruitment
28:58 Iron Casting
29:38 Plate Mail Armor
29:03 Bodkin Arrow
30:12 Chemistry
29:39 Conscription
30:23 Two-Man Saw
29:25 Heavy Plow
29:48 Guilds
30:21 Block Printing
30:31 Illumination
30:48 Theocracy
30:53 Hoardings
30:30 Masonry
30:15 Murder Holes
30:37 Bloodlines
30:27 Husbandry
30:33 Husbandry
30:50 Caravan
30:25 Elite Hearth Troop
30:34 Shield Wall
31:21 Bracer
31:25 Padded Archer Armor
32:12 Crop Rotation
32:45 Redemption
33:19 Architecture
32:54 Siege Engineers
33:16 Leather Archer Armor
33:07 Scale Barding Armor
32:26 Cranequins
33:31 Town Patrol
33:33 Elite Varangian Guard
33:35 Pikeman
33:35 Man-at-Arms
34:24 Thumb Ring
37:36 Ring Archer Armor
37:26 Chain Barding Armor
36:27 Heavy Mounted Crossbowman
我怕你审判长?
10:59 Feudal Age
14:45 Castle Age
13:03 Double-Bit Axe
16:02 Bow Saw
16:26 Horse Collar
23:51 Gold Mining
23:51 Stone Mining
24:42 Wheelbarrow
25:12 Stone Shaft Mining
30:34 Imperial Age
29:20 Scale Barding Armor
29:26 Forging
30:30 Chain Barding Armor
30:28 Hand Cart
31:05 Loom
31:05 Town Watch
31:56 Plate Barding Armor
31:56 Iron Casting
31:56 Bloodlines
31:46 Husbandry
32:55 Two-Man Saw
31:58 Heavy Plow
32:11 Caravan
32:22 Guilds
32:42 Coinage
32:40 Conscription
33:30 Supremacy
32:36 Cavalier
33:04 Sappers
33:47 Town Patrol
35:47 Blast Furnace
34:09 Paladin
35:48 Hoardings
38:31 Scale Mail Armor
Connection lost

Rejoining the realm…

Still unreachable

The connection could not be restored.

Session expired

The server has moved on; the page needs a fresh start.